 Dungeon Crawl Stone Soup version 0.20.1-1-g8b1a95d (webtiles) character file.

1865 letownia2 the Reanimator (level 8, -3/68 HPs)
             Began as a Deep Dwarf Necromancer on Nov 13, 2017.
             Was an Initiate of Gozag.
             Shot with a sling bullet by Joseph (15 damage)
             ... on level 7 of the Dungeon.
             The game lasted 00:14:48 (5251 turns).

letownia2 the Reanimator (Deep Dwarf Necromancer)   Turns: 5251, Time: 00:14:49

Health: -3/68      AC:  2    Str: 12    XL:     8   Next: 90%
Magic:  14/17      EV: 12    Int: 21    God:    Gozag
Gold:   153        SH:  0    Dex: 15    Spells: 15/19 levels left

rFire    + . .     SeeInvis .   a - +2 hand axe (elec)
rCold    x . .     Gourm    .   (no shield)
rNeg     . . .     Faith    .   t - -1 leather armour (curse)
rPois    .         Spirit   .   (no helmet)
rElec    .         Reflect  .   (no cloak)
rCorr    .         Harm     .   (no gloves)
MR       +....                  (no boots)
Stlth    ++........             (no amulet)
Regen    0.0/turn               o - ring "Ettoaqyu" {Fire Int+3 Dex+2}
MPRegen  0.2/turn               (no ring)

@: non-regenerating
A: damage resistance, heal wounds, sense surroundings 1, no regeneration
a: Heal Wounds, Potion Petition, Call Merchant, Bribe Branch, Renounce Religion


You were on level 7 of the Dungeon.
You worshipped Gozag.
Gozag was aware of your devotion.
You were not hungry.

You visited 2 branches of the dungeon, and saw 8 of its levels.

You collected 239 gold pieces.
You paid 86 gold pieces to Gozag.

Inventory:

Hand Weapons
 a - a +2 hand axe of electrocution (weapon)
 F - a +0 battleaxe
Missiles
 d - a throwing net (quivered)
 x - 7 javelins
 C - 15 poisoned needles
Armour
 h - a +0 robe
 k - a +0 leather armour
 t - a cursed -1 leather armour (worn)
 v - a cursed +0 ring mail
 E - a +0 leather armour of fire resistance
 G - a +1 leather armour of cold resistance
 H - a +2 leather armour of poison resistance
Jewellery
 j - an uncursed ring of fire
 o - the ring "Ettoaqyu" (left hand) {Fire Int+3 Dex+2}
   (You found it on level 4 of the Dungeon)

   [ring of fire]

   It enhances your fire magic.
   It affects your intelligence (+3).
   It affects your dexterity (+2).
   It protects you from fire.
   It makes you vulnerable to cold.
Wands
 p - a wand of disintegration (5/24)
Scrolls
 e - 3 scrolls of remove curse {unknown}
 i - 3 scrolls of enchant weapon {unknown}
 l - 2 scrolls of teleportation {unknown}
 n - 3 scrolls of identify
 r - 2 scrolls of fear {unknown}
 s - a scroll of magic mapping {unknown}
 u - a scroll of enchant armour {unknown}
 y - 4 scrolls of amnesia {unknown}
Potions
 f - 2 potions of might {unknown}
 g - a potion of agility {unknown}
 q - 2 potions of heal wounds {unknown}
 w - 2 potions of lignification {unknown}
 z - 2 potions of curing {unknown}
Books
 b - a book of Necromancy

   Spells                             Type                      Level
   a - Pain                           Necromancy                   1
   b - Animate Skeleton               Necromancy                   1
   c - Vampiric Draining              Necromancy                   3
   d - Regeneration                   Charms/Necromancy            3
   e - Animate Dead                   Necromancy                   4
   f - Control Undead                 Necromancy                   4
Comestibles
 c - 4 bread rations
 m - 8 fruits
 A - a meat ration
 B - 2 royal jellies
 D - 3 chunks of flesh


   Skills:
 - Level 2.4 Fighting
 + Level 3.4 Axes
 + Level 0.9 Armour
 - Level 2.1 Dodging
 - Level 2.4 Stealth
 + Level 6.4 Spellcasting
 + Level 9.4 Necromancy


You had 15 spell levels left.
You knew the following spells:

 Your Spells              Type           Power        Failure   Level  Hunger
a - Pain                  Necr           ####         1%          1    None
v - Vampiric Draining     Necr           #####.....   1%          3    #......


Dungeon Overview and Level Annotations

Branches:
Dungeon (7/15)             Temple (1/1) D:7

Altars:
Ashenzari
Cheibriados
Elyvilon
Fedhas
Gozag
Hepliaklqana
Kikubaaqudgha
Makhleb
Nemelex Xobeh
Qazlal
Ru
Sif Muna
Trog
Uskayaw
Vehumet
Xom
Yredelemnul
Zin
The Shining One

Shops:
D:4 *

Annotations:
D:6 exclusions: orc priest and wight
D:7 1 exclusion, Joseph


Innate Abilities, Weirdness & Mutations

You are resistant to damage.
You can heal yourself by infusing magical energy.
You passively map a small area around you.
You do not regenerate.


Message History

Press: ? - help, Shift-Dir - straight line, f/p - iguana
Aim: an iguana (heavily wounded)
You kill the iguana!
You feel life coursing into your body.
Casting: Vampiric Draining
Confirm with . or Enter, or press ? or * to list all spells.
You can't see any susceptible monsters within range! (Use Z to cast anyway.) Unknown command.
You now have 153 gold pieces (gained 5).
A hungry ghost comes into view.
A hungry ghost is nearby!
A hungry ghost is nearby!
Joseph sighs, "Being a guard is usually so boring..."
Joseph shoots a sling bullet.
The sling bullet hits you!
* * * LOW HITPOINT WARNING * * *
Joseph is nearby!
Unknown command.
Joseph shoots a sling bullet.
The sling bullet hits you!
You die...
Your body crumbles into a pile of gold.

#.#.#.# , #... #.#.#.# *
.#.#. #.#.#.# * * .'.._
#.....# ..# ##.#. #.....#
#.#.# #... #.....###.#.#.#
, ###' #.........#.#.# #
#.
#.....#####.#.####.#,*##
#.#....@............ ###
#.#.....................
###.#.#.........@......###
#.........###.......##.###
#.........# #.#...........
#.........# #.########.# #
#.........# #..........##
#.........# #...........#
#.........# #...........##


You could see Joseph.

Vanquished Creatures
  An orc warrior (D:7)
  2 ice beasts (D:5)
  2 phantoms
  2 ogres
  A centaur (D:7)
  5 bullfrogs
  A scorpion (D:4)
  A wight (D:6)
  4 crimson imps
  A quasit (D:5)
  A bullfrog zombie (D:5)
  5 orc priests
  4 orc wizards
  4 iguanas
  2 worker ants
  7 adders
  2 river rats (D:5)
  A shadow imp (D:7)
  An adder skeleton (D:5)
  A dart slug (D:4)
  2 leopard geckos
  21 orcs
  A ball python (D:3)
  A bat (D:6)
  4 hobgoblins
  2 jackals (D:7)
  2 kobolds
  2 quokkas
  A frilled lizard (D:2)
  2 goblins
  A leopard gecko skeleton (D:4)
  A rat (D:1)
88 creatures vanquished.

Notes
Turn   | Place    | Note
-------+----------+-------------------------------------------
     0 | D:1      | letownia2 the Deep Dwarf Necromancer began the quest for the Orb.
     0 | D:1      | Reached XP level 1. HP: 15/15 MP: 3/3
   450 | D:3      | Reached XP level 2. HP: 22/22 MP: 0/5
   769 | D:4      | Got a clouded copper ring
   770 | D:4      | Identified the ring "Ettoaqyu" {Fire Int+3 Dex+2} (You found it on level 4 of the Dungeon)
   931 | D:4      | Found Reaskiv's Assorted Antiques.
  1278 | D:4      | Noticed a phantom
  1345 | D:3      | Reached XP level 3. HP: 14/28 MP: 3/6
  1350 | D:3      | Learned a level 3 spell: Vampiric Draining
  1449 | D:3      | Reached skill level 5 in Necromancy
  1582 | D:4      | You fall through a shaft for 2 floors!
  1625 | D:6      | Reached XP level 4. HP: 21/36 MP: 1/8
  1688 | D:6      | Noticed a bullfrog
  1695 | D:6      | Killed a bullfrog
  1695 | D:6      | Reached skill level 6 in Necromancy
  1695 | D:6      | Reached XP level 5. HP: 26/42 MP: 0/9
  1815 | D:5      | Entered Level 5 of the Dungeon
  1827 | D:5      | Reached skill level 1 in Axes
  1865 | D:5      | Reached skill level 1 in Fighting
  2106 | D:5      | Reached XP level 6. HP: 42/52 MP: 6/10
  2372 | D:4      | Reached skill level 7 in Necromancy
  2372 | D:4      | Reached XP level 7. HP: 43/61 MP: 3/11
  3091 | D:5      | Reached skill level 8 in Necromancy
  3281 | D:6      | Reached skill level 9 in Necromancy
  3419 | D:6      | Reached XP level 8. HP: 45/68 MP: 2/13
  4282 | D:7      | Noticed Joseph
  4364 | D:7      | Reached skill level 5 in Spellcasting
  4940 | D:7      | Found a burning altar of Makhleb.
  4942 | D:7      | Found an ancient bone altar of Kikubaaqudgha.
  5011 | D:7      | Found a blossoming altar of Fedhas.
  5034 | D:7      | Found a sacrificial altar of Ru.
  5050 | D:7      | Found a staircase to the Ecumenical Temple.
  5056 | Temple   | Entered the Ecumenical Temple
  5063 | Temple   | Became a worshipper of Gozag Ym Sagoz the Greedy
  5251 | D:7      | Shot with a sling bullet by Joseph

Skill      XL: |  1  2  3  4  5  6  7  8 |
---------------+-------------------------+-----
Spellcasting   | 2 3 6 |  6.4
Necromancy     | 5 6 7 9 |  9.4
Axes           | 2 3 |  3.4
Fighting       | 1 2 |  2.4
Armour         | |  0.9
Dodging        | |  2.1
Stealth        | |  2.4

Action                   |  1- 3 |  4- 6 |  7- 9 || total
-------------------------+-------+-------+-------++-------
Melee: Dagger            |     3 |       |       ||     3
       Hand axe          |     2 |    32 |    72 ||   106
 Cast: Pain              |    38 |    13 |     3 ||    54
       Vampiric Draining |     4 |    10 |    65 ||    79
  Use: Scroll            |       |       |     1 ||     1
 Stab: Sleeping          |       |       |     2 ||     2
  Eat: Chunk             |     3 |     3 |    13 ||    19
Armor: Leather armour    |     1 |     5 |     5 ||    11
Dodge: Dodged            |    17 |    20 |    77 ||   114
